 Dungeon Crawl Stone Soup version 0.28.0-43-g3370ac3207 (webtiles) character file.

Game seed: 11593706590686001752

1331 nickcage the Basher (level 8, -12/46 HPs)
             Began as a Gargoyle Fighter on Mar 31, 2022.
             Killed by divine providence
             ... invoked by an orc priest
              (15 damage)
             ... on level 6 of the Dungeon.
             The game lasted 00:13:19 (6838 turns).

nickcage the Basher (Gargoyle Fighter)              Turns: 6838, Time: 00:13:20

Health: -12/46     AC: 14    Str: 22    XL:     8   Next: 60%
Magic:  8/8        EV:  9    Int:  9    God:
Gold:   265        SH:  4    Dex:  9    Spells: 7/7 levels left

rFire   . . .      SeeInvis .   a - +0 flail
rCold   . . .      Faith    .   c - +0 buckler
rNeg    + . .      Spirit   .   b - +0 scale mail
rPois   ∞          Reflect  .   t - +0 helmet
rElec   +          Harm     .   (no cloak)
rCorr   .          Rampage  .   v - +0 pair of gloves
Will    .....                   (no boots)
Stlth   ..........              (no amulet)
HPRegen 0.15/turn               (no ring)
MPRegen 0.11/turn               (no ring)

@: no status effects
A: sickness immunity, AC +5, negative energy resistance 1, electricity
resistance, torment resistance 1, petrification resistance
a: no special abilities


You were on level 6 of the Dungeon.
You visited 1 branch of the dungeon, and saw 6 of its levels.
You also visited: Ossuary.

You collected 265 gold pieces.

Inventory:

Hand Weapons
 a - a +0 flail (weapon)
 y - a +1 vorpal dire flail
Missiles
 q - 84 stones (quivered)
Armour
 b - a +0 scale mail (worn)
 c - a +0 buckler (worn)
 t - a +0 helmet (worn)
 v - a +0 pair of gloves (worn)
Wands
 o - a wand of charming (12)
Scrolls
 g - a scroll of fear {unknown}
 h - a scroll of silence {unknown}
 k - a scroll of fog
 n - 5 scrolls of teleportation {unknown}
 p - a scroll of enchant armour {unknown}
 r - a scroll of enchant weapon {unknown}
 w - a scroll of immolation {unknown}
 x - 4 scrolls of identify
 B - a scroll of magic mapping {unknown}
Potions
 d - a potion of might
 e - 5 potions of flight
 f - a potion of haste {unknown}
 i - 2 potions of degeneration {unknown}
 j - 2 potions of brilliance
 l - a potion of attraction
 m - a potion of cancellation
 s - 3 potions of heal wounds {unknown}
 u - a potion of resistance
 z - 4 potions of ambrosia {unknown}
 A - 2 potions of curing {unknown}


   Skills:
 - Level 3.2 Fighting
 + Level 10.4 Maces & Flails
 - Level 3.2 Armour
 - Level 3.2 Shields


You had 7 spell levels left.
You didn't know any spells.
Your spell library contained the following spells:

 Spells                   Type           Power      Damage    Failure   Level
 Conjure Flame            Conj/Fire      0%         6-21      99%         3
 Ignite Poison            Fire/Tmut/Pois 0%         N/A       99%         3
 Sticky Flame             Conj/Fire      0%         2d3       100%        4


Dungeon Overview and Level Annotations

Branches:
Dungeon (6/15)            Ossuary (visited)
 Temple: D:4-7

Altars:
Gozag
Trog

Shops:
D:3 (

Annotations:
D:3 3 runed translucent doors, 2 transporters, terff's ghost, amateur DsGl


Innate Abilities, Weirdness & Mutations

You are immune to sickness and miasma.
Your stone body is resilient. (AC +5)
You are immune to poison.
You resist negative energy. (rN+)
You are resistant to electric shocks. (rElec)
You are resistant to unholy torment.
You are immune to petrification.


Message History

An orc comes into view.
It is wielding a +0 dagger and wearing a +1 scale mail of willpower.
The orc shouts!
You hear a shout!
An orc wizard comes into view. It is wielding a +0 dagger.
The orc priest looks satisfied for a moment.
The orc warrior shouts!
You hear a shout!
You hit the orc priest but do no damage.
The orc priest invokes the aid of Beogh against you.
Beogh smites you!
A gnoll shaman comes into view. It is wielding a +0 whip.
The gnoll shaman shouts!
You barely miss the orc priest.
You hear a shout!
The orc priest looks encouraged for a moment.
The orc wizard gestures wildly while chanting.
The orc wizard flickers and vanishes!
Deactivating autopickup; reactivate with Ctrl-A.
You barely miss the orc priest.
A puff of flame appears from out of thin air!
The puff of flame hits you.
An orc comes into view. It is wielding a +0 club.
The orc priest hits you but does no damage.
You sock the orc priest!
The orc priest is heavily wounded.
The orc priest hits you with a +0 hand axe.
Something hits you but does no damage.
The orc warrior hits you from afar with a +0 glaive.
You completely miss the orc priest.
The orc priest is heavily wounded.
You block the orc priest's attack. The orc hits you but does no damage.
Something hits you but does no damage.
The orc warrior hits you from afar with a +0 glaive!
* * * LOW HITPOINT WARNING * * *
You hit the orc priest but do no damage.
The orc priest is heavily wounded.
A gnoll comes into view. It is wielding a +0 club.
The gnoll shaman hits you with a +0 whip.
* * * LOW HITPOINT WARNING * * *
The orc priest invokes the aid of Beogh against you.
Beogh smites you!
You die...

. #. #........ ..#.#
#........
...g.##......#
#..........#
#.......## .
##......##..
#..........#
##..ogoo.##.
####....@{..#
..###.....###o......
..........# ##.[###
.....#....# ...#
.....#....## ..#
..#.......<# .#
#..........#
##...........#
#...#...#...#


You could see an orc warrior, a gnoll shaman, an orc priest, a gnoll (wandering)
and 2 orcs.

Vanquished Creatures
  Pikel (D:4)
  A necrophage (D:4)
  4 lemures
  An elf zombie (Ossuary)
  A bullfrog (D:6)
  Blork the orc (D:5)
  2 scorpions
  A howler monkey (D:5)
  2 hounds
  2 bullfrog skeletons
  2 jellies
  An iguana (D:4)
  5 mummies
  Robin (D:4)
  A howler monkey skeleton (D:5)
  6 adders
  An ufetubus (D:6)
  An adder skeleton (D:5)
  2 adder zombies (Ossuary)
  3 worms
  2 dart slugs
  An orc (D:5)
  8 ball pythons
  5 bats
  7 endoplasms
  5 giant cockroaches
  15 goblins
  7 hobgoblins
  3 jackals (D:3)
  5 kobolds
  2 quokkas
  5 frilled lizards (D:2)
  A gnoll zombie (Ossuary)
  5 goblin zombies
  2 hobgoblin zombies (Ossuary)
  A jackal zombie (Ossuary)
  A kobold zombie (Ossuary)
  4 rats
  A rat zombie (Ossuary)
119 creatures vanquished.

Notes
Turn   | Place    | Note
-------+----------+-------------------------------------------
     0 | D:1      | nickcage the Gargoyle Fighter began the quest for the Orb.
     0 | D:1      | Reached XP level 1. HP: 14/14 MP: 1/1
   204 | D:1      | Found a faded altar of an unknown god.
   247 | D:1      | Reached XP level 2. HP: 17/19 MP: 2/2
   269 | D:1      | You fall into a shaft and drop 1 floor!
   609 | D:1      | Reached skill level 3 in Maces & Flails
  1184 | D:2      | Reached XP level 3. HP: 15/23 MP: 3/3
  1626 | D:2      | Reached skill level 4 in Maces & Flails
  1779 | D:2      | Reached XP level 4. HP: 28/28 MP: 4/4
  2642 | D:3      | Found a runed translucent gate.
  2644 | D:3      | Found a runed translucent gate.
  2645 | D:3      | Found a runed translucent gate.
  2692 | D:3      | Found Xofom's Weapon Shop.
  2758 | D:3      | Found an opulent altar of Gozag.
  2758 | D:3      | Noticed a black bear
  2759 | D:3      | Noticed terff's ghost (amateur DsGl)
  2992 | D:3      | Found a transporter.
  3002 | D:3      | Found a transporter.
  3003 | D:3      | Noticed an ice beast
  3017 | D:3      | Found a bloodstained altar of Trog.
  3559 | D:4      | Noticed a lemure
  3559 | D:4      | Noticed a lemure
  3560 | D:4      | Noticed Pikel
  3597 | D:3      | Killed a lemure
  3865 | D:4      | Noticed a lemure
  3894 | D:4      | Reached skill level 5 in Maces & Flails
  3894 | D:4      | Reached XP level 5. HP: 27/32 MP: 5/5
  4046 | D:4      | Reached skill level 6 in Maces & Flails
  4046 | D:4      | Reached XP level 6. HP: 17/37 MP: 6/6
  4276 | D:4      | Noticed Robin
  4281 | D:4      | Noticed a necrophage
  4289 | D:4      | Killed Robin
  4699 | D:4      | Killed a necrophage
  5121 | D:4      | Killed Pikel
  5122 | D:4      | Reached skill level 8 in Maces & Flails
  5122 | D:4      | Reached XP level 7. HP: 2/41 MP: 7/7
  5452 | D:5      | Entered Level 5 of the Dungeon
  5743 | D:5      | Reached skill level 9 in Maces & Flails
  5743 | D:5      | Reached XP level 8. HP: 34/46 MP: 8/8
  5802 | D:5      | Found a sand-covered staircase.
  5813 | Ossuary  | Entered an ossuary
  6534 | D:5      | Noticed Blork the orc
  6542 | D:5      | Killed Blork the orc
  6543 | D:5      | Reached skill level 10 in Maces & Flails
  6838 | D:6      | Killed from afar by an orc priest

Illustrated notes

Levels and vault maps discovered:
D:1:      eino_arrival_tree_alley, layout_loops_ring,
          nicolae_ecumenical_snake_handling
D:2:      layout_basic
D:3:      layout_basic, gammafunk_temple_overflow_arena, serial_shops,
          shop_fountains, ebering_ghost_gozag, lemuel_flame_loot_1
D:4:      layout_cave_pools, uniq_pikel, uniq_robin
D:5:      layout_loops_cross, nicolae_ossuary_entry_giza, uniq_blork_the_orc
D:6:      layout_cave_pools, kennysheep_generic_room_15

Skill      XL: |  1  2  3  4  5  6  7  8 |
---------------+-------------------------+-----
Maces & Flails | 3 4 5 6 8 9 10 | 10.4
Fighting       | |  3.2
Armour         | |  3.2
Shields        | |  3.2

Action                   |  1- 3 |  4- 6 |  7- 9 || total
-------------------------+-------+-------+-------++-------
Melee: Flail             |   122 |   204 |   182 ||   508
  Use: Scroll            |       |       |     6 ||     6
Armor: Scale mail        |    68 |   142 |   170 ||   380
Dodge: Dodged            |    44 |   128 |   131 ||   303
Block: Buckler           |    18 |    39 |    51 ||   108
